 Dungeon Crawl Stone Soup version 0.24-a0-312-g16217b4 (webtiles) character file.

Game seed: 17304480078608331933

971 mhoghedin the Cudgeler (level 7, -3/52 HPs)
             Began as a Mummy Fighter on May 15, 2019.
             Was an Initiate of Yredelemnul.
             Slain by a gnoll
             ... wielding a +0 halberd
              (7 damage)
             ... on level 5 of the Dungeon.
             The game lasted 00:08:34 (6172 turns).

mhoghedin the Cudgeler (Mummy Fighter)              Turns: 6172, Time: 00:08:35

Health: -3/52      AC:  8    Str: 21    XL:     7   Next: 94%
Magic:  2/2        EV:  7    Int:  7    God:    Yredelemnul [......]
Gold:   297        SH: 10    Dex: 12    Spells: 6/6 levels left

rFire    x . .     SeeInvis .   d - +1 mace (antimagic)
rCold    + . .     Gourm    .   c - +1 shield
rNeg     + + +     Faith    +   b - +0 scale mail
rPois    ∞         Spirit   .   j - +0 helmet
rElec    .         Reflect  .   (no cloak)
rCorr    .         Harm     .   q - +0 pair of gloves
MR       .....                  (no boots)
Stlth    ..........             o - amulet of faith {Faith, !P}
HPRegen  0.17/turn              (no ring)
MPRegen  0.08/turn              (no ring)

@: no status effects
A: no food or potions, fire vulnerability, cold resistance 1, negative energy
resistance 3, torment resistance, unbreathing
a: Renounce Religion


You were on level 5 of the Dungeon.
You worshipped Yredelemnul.
Yredelemnul was noncommittal.
You were not hungry.

You visited 1 branch of the dungeon, and saw 5 of its levels.

You collected 297 gold pieces.

Inventory:

Hand Weapons
 a - a +0 flail
 d - a +1 antimagic mace (weapon)
   (You found it on level 2 of the Dungeon)
 r - a +0 morningstar
   (You found it on level 5 of the Dungeon)
Missiles
 i - 25 poisoned darts (quivered)
Armour
 b - a +0 scale mail (worn)
 c - a +1 shield (worn)
 j - a +0 helmet (worn)
   (You took it off Robin on level 2 of the Dungeon)
 q - a +0 pair of gloves (worn)
   (You found it on level 5 of the Dungeon)
Jewellery
 g - an uncursed amulet of guardian spirit {Spirit}
   (You found it on level 2 of the Dungeon)
 o - an amulet of faith (around neck) {Faith, !P}
   (You found it on level 4 of the Dungeon)
Wands
 n - a wand of flame (5)
   (You took it off Ijyb on level 3 of the Dungeon)
Scrolls
 e - a scroll of magic mapping {!r}
 f - a scroll of immolation {unknown}
 h - 3 scrolls of remove curse
 k - 2 scrolls of enchant armour
 l - 3 scrolls of teleportation {unknown}
 m - 2 scrolls of identify
 p - a scroll of noise {unknown}


   Skills:
 - Level 3.3 Fighting
 + Level 7.3 Maces & Flails
 - Level 2.7 Armour
 - Level 1.0 Dodging
 - Level 2.7 Shields


You had 6 spell levels left.
You didn't know any spells.
Your spell library was empty.

Dungeon Overview and Level Annotations

Branches:
Dungeon (5/15)
 Temple: D:4-7

Altars:
Cheibriados
Wu Jian
Yredelemnul


Innate Abilities, Weirdness & Mutations

You do not eat or drink.
Your flesh is vulnerable to fire.
You are immune to poison.
Your flesh is cold resistant. (rC+)
You are immune to negative energy. (rN+++)
You are immune to unholy pain and torment.
You can survive without breathing.


Message History

No target in view!
No target in view!
No target in view!
No target in view!
No target in view!
No target in view!
No target in view!
No target in view!
You now have 281 gold pieces (gained 18).
Found a stone staircase leading down.
You now have 297 gold pieces (gained 16).
You open the door.
Found an escape hatch in the ceiling.
No target in view!
You open the door.
There is an open door here.
A gnoll comes into view. It is wielding a +0 spear.
The gnoll shouts!
The gnoll moves out of view.
A gnoll comes into view. It is wielding a +0 halberd.
A water moccasin zombie comes into view.
The gnoll shouts!
You block the gnoll's attack.
Your shield and scale mail prevent you from hitting the gnoll.
The gnoll hits you with a +0 spear. The gnoll closely misses you.
You take 1 damage, and have 51/52 hp.
You hit the gnoll but do no damage. The gnoll barely misses you.
You thump the gnoll!
You kill the gnoll!
Yredelemnul accepts your kill. The gnoll barely misses you.
You closely miss the water moccasin zombie.
The water moccasin zombie bites you. The gnoll barely misses you.
You take 1 damage, and have 50/52 hp.
You puncture the water moccasin zombie!
The water moccasin zombie bites you but does no damage.
The gnoll hits you from afar with a +0 halberd.
You block the water moccasin zombie's attack.
You take 2 damage, and have 48/52 hp.
You closely miss the water moccasin zombie.
The water moccasin zombie bites you.
The gnoll hits you from afar with a +0 halberd!
You take 11 damage, and have 37/52 hp.
MASSIVE DAMAGE!!
You block the water moccasin zombie's attack.
You barely miss the water moccasin zombie.
The water moccasin zombie bites you but does no damage.
The water moccasin zombie barely misses you.
Unknown command.
You hit the water moccasin zombie.
The gnoll hits you from afar with a +0 halberd!
The water moccasin zombie bites you but does no damage.
You take 10 damage, and have 28/52 hp.
You barely miss the water moccasin zombie.
The water moccasin zombie bites you. You block the gnoll's attack.
The water moccasin zombie bites you.
You take 3 damage, and have 25/52 hp.
Aim: a water moccasin zombie (moderately damaged)
The puff of flame hits the water moccasin zombie!
You block the gnoll's attack. The water moccasin zombie bites you.
You take 1 damage, and have 24/52 hp.
You barely miss the water moccasin zombie.
The water moccasin zombie bites you. You block the gnoll's attack.
You take 4 damage, and have 20/52 hp.
You hit the water moccasin zombie.
You block the water moccasin zombie's attack.
You block the gnoll's attack. The water moccasin zombie bites you.
You take 4 damage, and have 16/52 hp.
Your shield and scale mail prevent you from hitting the water moccasin zombie.
The water moccasin zombie barely misses you.
You block the gnoll's attack.
You closely miss the water moccasin zombie.
The water moccasin zombie closely misses you.
You block the gnoll's attack.
You block the water moccasin zombie's attack.
You sock the water moccasin zombie!
You block the water moccasin zombie's attack.
You block the gnoll's attack.
You bludgeon the water moccasin zombie!!
You destroy the water moccasin zombie!
Yredelemnul accepts your kill.
The gnoll hits you from afar with a +0 halberd.
* * * LOW HITPOINT WARNING * * *
You take 1 damage, and have 15/52 hp.
The gnoll barely misses you.
You closely miss the gnoll. The gnoll hits you with a +0 halberd.
* * * LOW HITPOINT WARNING * * *
You take 1 damage, and have 14/52 hp.
You completely miss the gnoll. The gnoll hits you with a +0 halberd!
* * * LOW HITPOINT WARNING * * *
You take 11 damage, and have 3/52 hp.
MASSIVE DAMAGE!!
You closely miss the gnoll. The gnoll closely misses you.
Wield which item (- for none, * to show all)? (? for menu, Esc to quit)
You feel magic leave you.
d - a +1 antimagic mace (weapon)
You now have 2/2 mp.
You barely miss the gnoll. The gnoll hits you with a +0 halberd!
You die...
Yredelemnul claims you as an undead slave.

#.......................
#..........#.###........
####....................
########..................#
#..........................
#.#####....................
#..................)....
#....####..######..†..#.
#.....g@...........†..+.
#...#########...##....#.
.......).......
............
#######........
..........#. #........
.+##......#. #........
#..###+#. #+#...... #..
...... #. ......


You could see a gnoll.

Vanquished Creatures
  Grinder (D:3)
  A phantom (D:4)
  Blork the orc (D:4)
  A water moccasin zombie (D:5)
  A howler monkey (D:3)
  A bullfrog skeleton (D:4)
  An orc wizard (D:5)
  Ijyb (D:3)
  Terence (D:2)
  4 iguanas
  Natasha (twice) (D:2)
  3 worker ants
  A hound zombie (D:5)
  Robin (D:2)
  3 gnolls
  5 adders
  2 oozes (D:3)
  4 worms
  3 dart slugs
  2 leopard geckos
  2 orcs (D:5)
  4 giant cockroaches
  12 goblins
  12 hobgoblins
  4 jackals (D:5)
  10 kobolds
  2 ball pythons (D:2)
  A bat (D:1)
  7 frilled lizards
  A jackal skeleton (D:5)
  6 rats
100 creatures vanquished.

Notes
Turn   | Place    | Note
-------+----------+-------------------------------------------
     0 | D:1      | mhoghedin the Mummy Fighter began the quest for the Orb.
     0 | D:1      | Reached XP level 1. HP: 18/18 MP: 1/1
   333 | D:1      | Reached XP level 2. HP: 24/24 MP: 2/2
  1241 | D:2      | Reached XP level 3. HP: 26/29 MP: 1/3
  1340 | D:2      | Reached skill level 2 in Maces & Flails
  1340 | D:2      | Reached skill level 1 in Dodging
  1644 | D:2      | Noticed Natasha
  1663 | D:2      | Killed Natasha
  1663 | D:2      | Reached XP level 4. HP: 26/35 MP: 1/4
  1792 | D:2      | Noticed Natasha
  1807 | D:2      | Killed Natasha
  1807 | D:2      | Reached skill level 3 in Maces & Flails
  2101 | D:2      | Noticed Terence
  2123 | D:2      | Killed Terence
  2123 | D:2      | Reached XP level 5. HP: 28/41 MP: 0/5
  2205 | D:2      | Noticed Robin
  2217 | D:2      | Killed Robin
  2684 | D:2      | Reached skill level 4 in Maces & Flails
  2805 | D:3      | Noticed Ijyb
  3058 | D:4      | Reached XP level 6. HP: 44/47 MP: 2/6
  3101 | D:4      | Noticed Grinder
  3147 | D:4      | Paralysed by Grinder for 2 turns
  3330 | D:3      | Found a snail-covered altar of Cheibriados.
  3677 | D:3      | Killed Ijyb
  3677 | D:3      | Reached skill level 5 in Maces & Flails
  4004 | D:4      | Noticed Blork the orc
  4053 | D:4      | Killed Blork the orc
  4077 | D:3      | HP: 9/47 [Grinder (4)]
  4083 | D:3      | HP: 3/47 [Grinder (2)]
  4084 | D:3      | Killed Grinder
  4084 | D:3      | Reached skill level 6 in Maces & Flails
  4084 | D:3      | Reached XP level 7. HP: 4/52 MP: 1/7
  4403 | D:4      | Found a basalt altar of Yredelemnul.
  5062 | D:4      | Became a worshipper of Yredelemnul the Dark
  5097 | D:4      | Found an ornate altar of the Wu Jian Council.
  5578 | D:5      | Entered Level 5 of the Dungeon
  5637 | D:5      | Reached skill level 7 in Maces & Flails
  6169 | D:5      | HP: 3/52 [gnoll/+0 halberd (11)]
  6172 | D:5      | Slain by a gnoll

Levels and vault maps discovered:
D:1:      minmay_arrival_diagonal_passages, layout_loops_ring,
          nrook_loot_triangle
D:2:      layout_loops_cross, grunt_ministairs_10, uniq_natasha, uniq_terence,
          uniq_robin
D:3:      layout_rooms, kennysheep_slug_shrine, uniq_ijyb
D:4:      layout_layer_cave, kennysheep_little_box, minmay_ruined_shrine,
          uniq_crazy_yiuf_cottage, uniq_grinder, uniq_blork_the_orc
D:5:      layout_basic, minmay_temple_entry_statues_pillars, first_ration

Skill      XL: |  1  2  3  4  5  6  7 |
---------------+----------------------+-----
Maces & Flails | 2 3 4 6 7 |  7.3
Dodging        | 1 |  1.0
Fighting       | |  3.3
Armour         | |  2.7
Shields        | |  2.7

Action                   |  1- 3 |  4- 6 |  7- 9 || total
-------------------------+-------+-------+-------++-------
Melee: Flail             |   169 |       |       ||   169
       Mace              |    34 |   300 |    81 ||   415
       Morningstar       |       |       |    21 ||    21
Throw: Dart              |       |    13 |       ||    13
Evoke: Wand              |       |       |     1 ||     1
  Use: Scroll            |     4 |       |       ||     4
Armor: Scale mail        |    96 |    86 |    46 ||   228
Dodge: Dodged            |    64 |    70 |    26 ||   160
Block: Shield            |   109 |   138 |    66 ||   313

Table legend:
 A = Non-vault XP
 B = Vault XP
 C = Vault XP percentage of total XP
 D = Non-vault monster count
 E = Vault monster count
 F = Vault count percentage of total count
                 A         B        C        D         E       F
            +---------+---------+-------+---------+---------+-------
      Total |     623 |     765 |  55.1 |      72 |      28 |  28.0
            +---------+---------+-------+---------+---------+-------
        D:1 |      20 |       0 |   0.0 |      11 |       0 |   0.0
        D:2 |     167 |     111 |  39.9 |      29 |      17 |  37.0
        D:3 |     103 |     326 |  76.0 |      15 |       3 |  16.7
        D:4 |      76 |     328 |  81.2 |       2 |       8 |  80.0
        D:5 |     257 |       0 |   0.0 |      15 |       0 |   0.0
            +---------+---------+-------+---------+---------+-------

Levels and vault maps discovered:
D:1:      minmay_arrival_diagonal_passages, layout_loops_ring,
          nrook_loot_triangle
D:2:      layout_loops_cross, grunt_ministairs_10, uniq_natasha, uniq_terence,
          uniq_robin
D:3:      layout_rooms, kennysheep_slug_shrine, uniq_ijyb
D:4:      layout_layer_cave, kennysheep_little_box, minmay_ruined_shrine,
          uniq_crazy_yiuf_cottage, uniq_grinder, uniq_blork_the_orc
D:5:      layout_basic, minmay_temple_entry_statues_pillars, first_ration

Table legend:
 A = Turns spent in this place as a percentage of turns spent in the entire game.
 B = Non-inter-level travel turns spent in this place as a percentage of non-inter-level travel turns spent in the entire game.
 C = Inter-level travel turns spent in this place as a percentage of turns spent in this place.
 D = Turns resting spent in this place as a percentage of non-inter-level travel turns spent in this place.
 E = Turns spent auto-exploring this place as a percentage of non-inter-level travel turns spent in this place.
 F = Non-inter-level travel turns spent in this place divided by the number of levels of this place that you've seen.
                   A       B       C       D       E      F
               +-------+-------+-------+-------+-------+----------------------
         Total | 100.0 | 100.0 |   4.1 |  38.3 |  43.5 | 1184.4
       Dungeon | 100.0 | 100.0 |   4.1 |  38.3 |  43.5 | 1184.4
               +-------+-------+-------+-------+-------+----------------------

Table legend:
 A = Kills in this place as a percentage of kills in entire the game.
 B = Kills by you in this place as a percentage of kills by you in the entire game.
 C = Kills by friends in this place as a percentage of kills by friends in the entire game.
 D = Other kills in this place as a percentage of other kills in the entire game.
 E = Experience gained in this place as a percentage of experience gained in the entire game.
 F = Experience gained in this place divided by the number of levels of this place that you have seen.
                   A       B       C       D       E      F
               +-------+-------+-------+-------+-------+----------------------
         Total | 100.0 | 100.0 |   N/A |   N/A | 100.0 | 277.6
       Dungeon | 100.0 | 100.0 |   N/A |   N/A | 100.0 | 277.6
               +-------+-------+-------+-------+-------+----------------------
